cohdb
Replays
Latest Replays
All Replays
Popular Replays
Top Player Replays
Match Explorer
How It Works
Community
CoH3 Stats
Reddit
Sign in to upload your games and track your stats! →
Sign in with Steam
Match 44451644
Unlisted
Match 44451644
Overview
Messages
Build Orders
End
Pioneer Squad
Construct Infanterie Kompanie
Selects Breakthrough Battlegroup
Selects Assault Grenadiers
Selects Assault Grenadiers
Grenadier Squad
Grenadier Squad
MG 42 Machine Gun Team
Construct Luftwaffe Kompanie
Selects Rapid Production
221 Scout Car
Jäger Squad
Support Elements
Wirbelwind Flakpanzer
Medical Bunker
Marder III M Tank Destroyer
Construct Panzer Kompanie
Sturmpanzer IV Brummbär
Selects Blitzkrieg
Selects Breakthrough
Selects Incendiary Bombing Run
Panzer IV Medium Tank
Incendiary Bombing Run
Side Skirts
Breakthrough
咚咚锵个腿
最后一战
0
0
Comments
sign in to comment!
No comments posted yet!